 Dungeon Crawl Stone Soup version 0.28.0 (webtiles) character file.

Game seed: 16474805675565817084

197 Sanktem7 the Chopper (level 5, -2/47 HPs)
             Began as a Minotaur Fighter on Feb 12, 2022.
             Killed from afar by Sigmund (3 damage)
             ... with a magic dart
             ... on level 4 of the Dungeon.
             The game lasted 00:04:05 (2949 turns).

Sanktem7 the Chopper (Minotaur Fighter)             Turns: 2949, Time: 00:04:06

Health: -2/47      AC:  7    Str: 22    XL:     5   Next: 46%
Magic:  4/4        EV:  9    Int:  5    God:
Gold:   96         SH:  0    Dex: 10    Spells: 4/4 levels left

rFire   . . .      SeeInvis .   a - +0 war axe
rCold   . . .      Faith    .   c - +0 buckler
rNeg    . . .      Spirit   .   b - +0 scale mail
rPois   .          Reflect  .   (helmet restricted)
rElec   .          Harm     .   (no cloak)
rCorr   .          Rampage  .   (no gloves)
Will    .....                   (no boots)
Stlth   ..........              (no amulet)
HPRegen 0.15/turn               (no ring)
MPRegen 0.09/turn               (no ring)

@: confused
A: horns 2, retaliatory headbutt
a: no special abilities


You were on level 4 of the Dungeon.
You visited 1 branch of the dungeon, and saw 4 of its levels.

You collected 96 gold pieces.

Inventory:

Hand Weapons
 a - a +0 war axe (weapon)
Missiles
 h - 6 javelins (quivered)
Armour
 b - a +0 scale mail (worn)
 c - a +0 buckler (worn)
Jewellery
 l - a ring of wizardry
Scrolls
 f - 2 scrolls of enchant weapon {unknown}
 g - 2 scrolls of identify {unknown}
 j - a scroll of teleportation {unknown}
 k - a scroll of blinking {unknown}
Potions
 d - 2 potions of might
 e - a potion of ambrosia {unknown}
 i - 2 potions of heal wounds {unknown}


   Skills:
 * Level 4.6 Fighting
 * Level 5.0 Axes
 * Level 4.9 Armour
 + Level 1.2 Dodging
 - Level 3.6 Shields


You had 4 spell levels left.
You didn't know any spells.
Your spell library contained the following spells:

 Spells                   Type           Power      Damage    Failure   Level
 Ozocubu's Armour         Ice            0%         N/A       99%         3
 Metabolic Englaciation   Hex/Ice        0%         N/A       100%        5
 Simulacrum               Ice/Necr       0%         N/A       100%        6


Dungeon Overview and Level Annotations

Branches:
Dungeon (4/15)
 Temple: D:4-7

Altars:
Fedhas

Shops:
D:2 =

Annotations:
D:4 Sigmund


Innate Abilities, Weirdness & Mutations

You have a pair of horns on your head.
You reflexively headbutt those who attack you in melee.


Message History

Something hits you.
You feel less confused. The dart slug launches a dart at you.
The slug dart hits something.
Something completely misses you.
You closely miss something. You barely miss something.
Something hits you but does no damage.
You closely miss something. You hit the dart slug.
You hear some strange, mumbled words.
You are confused.
The dart slug bites you but does no damage.
You're too confused to move!
Something hits you.
* * * LOW HITPOINT WARNING * * *
You hit the dart slug.
The dart slug is severely wounded.
You miss something.
You hear some strange, mumbled words.
You are more confused.
The dart slug launches a dart at you.
The slug dart hits you but does no damage.
You closely miss the dart slug. Your headbutt misses the dart slug.
The dart slug is severely wounded.
You barely miss something. Something hits you!
* * * LOW HITPOINT WARNING * * *
The dart slug closely misses you. Something hits you.
* * * LOW HITPOINT WARNING * * *
You bump into the rock wall.
You hear some strange, mumbled words.
Something tries to affect you, but you resist.
The dart slug closely misses you.
You slash the dart slug!
You kill the dart slug!
You closely miss something. Something hits you.
* * * LOW HITPOINT WARNING * * *
You hear some strange, mumbled words.
You are more confused.
You hear some strange, mumbled words.
A magic dart appears from out of thin air!
The magic dart hits you.
You die...

#..## ##...#
#..###...# ##
#.......# ...#
##..##...##
....>#.w####...#
.......## ##..##
......## ##..##
...... ##{.## ......
##@†# ...... ##.##
....w. #..## ....w.
##..####### ......
##.......#####
####..[........##
###....(..........##
##...................
.....................


There were no monsters in sight!

Vanquished Creatures
  Natasha (thrice) (D:2)
  A hound skeleton (D:4)
  3 gnolls
  An adder (D:2)
  2 dart slugs
  7 orcs
  A ball python (D:1)
  7 endoplasms
  3 giant cockroaches
  5 hobgoblins
  2 jackals (D:1)
  3 quokkas
  6 bats
  2 frilled lizards
  6 goblins (D:1)
  3 kobolds
  8 rats
63 creatures vanquished.

Notes
Turn   | Place    | Note
-------+----------+-------------------------------------------
     0 | D:1      | Sanktem7 the Minotaur Fighter began the quest for the Orb.
     0 | D:1      | Reached XP level 1. HP: 19/19 MP: 0/0
   138 | D:1      | Reached XP level 2. HP: 27/27 MP: 1/1
   151 | D:1      | Found a blossoming altar of Fedhas.
   799 | D:1      | Reached skill level 3 in Axes
   834 | D:1      | Reached XP level 3. HP: 33/33 MP: 2/2
  1244 | D:2      | Found Ruis's One-of-a-Kind Rings.
  1401 | D:2      | Noticed Natasha
  1412 | D:2      | Killed Natasha
  1470 | D:2      | Noticed Natasha
  1472 | D:2      | Killed Natasha
  1473 | D:2      | Reached XP level 4. HP: 35/41 MP: 3/3
  1632 | D:2      | Reached skill level 4 in Axes
  1657 | D:2      | Noticed Natasha
  1669 | D:2      | Killed Natasha
  1826 | D:2      | Found a faded altar of an unknown god.
  1894 | D:2      | Reached XP level 5. HP: 5/47 MP: 4/4
  2277 | D:3      | Reached skill level 1 in Dodging
  2909 | D:4      | Noticed Sigmund
  2924 | D:4      | Reached skill level 5 in Axes
  2944 | D:4      | HP: 1/47 [something (6)]
  2949 | D:4      | Killed from afar by Sigmund

Illustrated notes

Levels and vault maps discovered:
D:1:      lemuel_arrival_rhombus, layout_basic, minmay_hexomino_r4
D:2:      layout_rooms, chequers_ecumenical_altar_lobes,
          nicolae_shop_unique_rings, minmay_misc_feat_diagonals,
          amcnicky_mini_rare_corridor_liquid, uniq_natasha
D:3:      layout_basic
D:4:      lemuel_castle_with_subvaults [lemuel_castle_interior_carwin_2],
          layout_cave_pods, uniq_sigmund

Skill      XL: |  1  2  3  4  5 |
---------------+----------------+-----
Fighting       | 4 |  4.6
Armour         | 4 |  4.9
Axes           | 3 4 5 |  5.0
Dodging        | 1 |  1.2
Shields        | |  3.6

Action                   |  1- 3 |  4- 6 || total
-------------------------+-------+-------++-------
Melee: War axe           |    54 |    82 ||   136
       Headbutt          |     7 |     7 ||    14
Armor: Scale mail        |    19 |    43 ||    62
Dodge: Dodged            |    28 |    60 ||    88
Block: Buckler           |    15 |    13 ||    28
